 Dungeon Crawl Stone Soup version 0.22-a0-259-gdd11e71 (webtiles) character file.

720 Deathtrap2010 the Covered (level 8, -9/60 HPs)
             Began as a Human Fighter on Mar 5, 2018.
             Was an Initiate of Trog.
             Mangled by an ogre
             ... wielding a +0 giant spiked club
              (19 damage)
             ... on level 5 of the Dungeon.
             The game lasted 00:13:50 (5478 turns).

Deathtrap2010 the Covered (Human Fighter)           Turns: 5478, Time: 00:13:50

Health: -9/60      AC:  9    Str: 19    XL:     8   Next: 2%
Magic:  8/8        EV:  8    Int: 11    God:    Trog [......]
Gold:   223        SH:  9    Dex: 12    Spells: 7/7 levels left

rFire    . . .     SeeInvis .   l - +2 falchion (holy)
rCold    + . .     Gourm    .   c - +0 shield
rNeg     . . .     Faith    .   b - +0 scale mail
rPois    .         Spirit   .   (helmet restricted)
rElec    .         Reflect  .   (no cloak)
rCorr    .         Harm     .   h - +1 pair of gloves
MR       .....                  (no boots)
Stlth    +.........             (no amulet)
HPRegen  0.20/turn              i - ring of protection from cold
MPRegen  0.11/turn              (no ring)

@: no status effects
A: horns 1, clever 1, MP-powered wands
a: Renounce Religion


You were on level 5 of the Dungeon.
You worshipped Trog.
Trog was noncommittal.
You were not hungry.

You visited 1 branch of the dungeon, and saw 5 of its levels.

You collected 223 gold pieces.

Inventory:

Hand Weapons
 l - a +2 falchion of holy wrath (weapon)
Armour
 b - a +0 scale mail (worn)
 c - a +0 shield (worn)
 h - a +1 pair of gloves (worn)
Jewellery
 i - a ring of protection from cold (left hand)
Wands
 d - a wand of clouds (3)
 g - a wand of iceblast (4)
Scrolls
 e - 2 scrolls of fear
 j - 3 scrolls of teleportation
 k - a scroll of noise {unknown}
 m - a scroll of blinking
Potions
 a - a potion of curing
Comestibles
 f - 3 rations


   Skills:
 * Level 4.0 Fighting
   Level 4.8 Axes
 * Level 4.8 Armour
 * Level 2.3 Dodging
 * Level 2.7 Stealth
 * Level 4.3 Shields


You had 7 spell levels left.
You didn't know any spells.

Dungeon Overview and Level Annotations

Branches:
Dungeon (5/15)
 Temple: D:4-7

Altars:
Fedhas
Makhleb
Nemelex Xobeh
Trog
Yredelemnul


Innate Abilities, Weirdness & Mutations

You have a pair of small horns on your head.
Your mind is acute. (Int +2)
You expend magic power (3 MP) to strengthen your wands.


Message History

Found a scroll labeled YXTIUTE XEUXT, a war axe and 6 gold pieces.
There is a stone staircase leading up here.
The ogre hits you with a giant spiked club!
You hit the ogre.
The ogre is lightly wounded.
The ogre barely misses you.
You barely miss the ogre.
The ogre is lightly wounded.
The ogre hits you with a giant spiked club!!
You hit the ogre. You headbutt the ogre.
The ogre is heavily wounded.
The ogre hits you with a giant spiked club!
You hit the ogre.
The ogre is heavily wounded.
The ogre hits you with a giant spiked club!
* * * LOW HITPOINT WARNING * * *
You hit the ogre but do no damage.
The ogre is heavily wounded.
The ogre hits you with a giant spiked club!!
You die...

### #..
##.####
.....#
###.##.##
#.......#.#
#<..@?....#
#)..O...###
#.......#
#..........
#.......##..
#.......# #
####....#
#.##$#


You could see an ogre.

Vanquished Creatures
  Sigmund (D:3)
  2 ogres (D:4)
  A hound (D:4)
  3 orc priests
  2 orc wizards
  3 worker ants
  4 gnolls (D:3)
  5 adders (D:2)
  An adder skeleton (D:4)
  7 leopard geckos
  3 orcs
  3 ball pythons
  2 giant cockroaches
  6 goblins
  8 hobgoblins
  A quokka (D:3)
  5 bats
  6 frilled lizards
  5 kobolds
  A quokka skeleton (D:4)
  5 rats
74 creatures vanquished.

Notes
Turn   | Place    | Note
-------+----------+-------------------------------------------
     0 | D:1      | Deathtrap2010 the Human Fighter began the quest for the Orb.
     0 | D:1      | Reached XP level 1. HP: 18/18 MP: 1/1
   301 | D:1      | Reached XP level 2. HP: 23/24 MP: 2/2
  1001 | D:1      | Reached XP level 3. HP: 29/29 MP: 3/3
  1926 | D:2      | Found a blossoming altar of Fedhas.
  1979 | D:2      | Reached skill level 1 in Stealth
  1979 | D:2      | Reached XP level 4. HP: 18/35 MP: 4/4
  1995 | D:2      | Gained mutation: You expend magic power (3 MP) to strengthen your wands. [potion of mutation]
  1995 | D:2      | Gained mutation: You have a pair of small horns on your head. [potion of mutation]
  1995 | D:2      | Gained mutation: Your mind is acute. (Int +2) [potion of mutation]
  2040 | D:2      | Found a sparkling altar of Nemelex Xobeh.
  2538 | D:2      | Found a bloodstained altar of Trog.
  2548 | D:2      | Became a worshipper of Trog the Wrathful
  2873 | D:2      | Reached skill level 1 in Dodging
  2873 | D:2      | Reached XP level 5. HP: 20/41 MP: 5/5
  3214 | D:3      | Noticed Sigmund
  3336 | D:3      | Killed Sigmund
  3336 | D:3      | Reached XP level 6. HP: 5/48 MP: 6/6
  4083 | D:3      | Reached XP level 7. HP: 53/53 MP: 7/7
  5159 | D:4      | Reached XP level 8. HP: 20/60 MP: 8/8
  5364 | D:4      | Found a basalt altar of Yredelemnul.
  5395 | D:4      | Found a burning altar of Makhleb.
  5470 | D:5      | Entered Level 5 of the Dungeon
  5478 | D:5      | Mangled by an ogre

Vault maps used:
D:1:      erik_arrival_cave_to_civilisation
D:2:      old_standard_altar, lemuel_round_altar, first_ration, trog_book
D:3:      uniq_sigmund
D:4:      kennysheep_mini, makhleb_heckhound_becter
D:5:      fiery_altar_vehumet, nicolae_overflow_crystal_walls,
          nicolae_ru_great_annihilating_truth

Skill      XL: |  1  2  3  4  5  6  7 |
---------------+----------------------+-----
Stealth        | 1 2 |  2.7
Dodging        | 1 2 |  2.3
Axes           | 3 4 |  4.8
Armour         | 4 |  4.8
Shields        | 4 |  4.3
Fighting       | 4 |  4.0

Action                   |  1- 3 |  4- 6 |  7- 9 || total
-------------------------+-------+-------+-------++-------
Melee: War axe           |   109 |    85 |    58 ||   252
       Headbutt          |       |     7 |     9 ||    16
       Falchion          |       |       |     5 ||     5
  Use: Potion            |     5 |     4 |     1 ||    10
       Scroll            |     4 |     2 |     3 ||     9
  Eat: Ration            |     1 |     2 |     2 ||     5
Armor: Scale mail        |    69 |    60 |    20 ||   149
       Skin              |     2 |       |       ||     2
Dodge: Dodged            |    40 |    29 |    24 ||    93
Block: Shield            |    74 |    58 |    36 ||   168

Table legend:
 A = Spawn XP
 B = Non-spawn XP
 C = Spawn XP percentage of total XP
 D = Spawn monster count
 E = Non-spawn monster count
 F = Spawn count percentage of total count
 G = Total turns spent on level
                    A         B        C        D         E        F      G
               +---------+---------+-------+---------+---------+-------+---------
         Total |       0 |    1029 |   0.0 |       0 |      74 |   0.0 |  5478
               +---------+---------+-------+---------+---------+-------+---------
           D:1 |       0 |      32 |   0.0 |       0 |      18 |   0.0 |  1255
           D:2 |       0 |     166 |   0.0 |       0 |      22 |   0.0 |  1866
           D:3 |       0 |     331 |   0.0 |       0 |      21 |   0.0 |  1359
           D:4 |       0 |     500 |   0.0 |       0 |      13 |   0.0 |   990
               +---------+---------+-------+---------+---------+-------+---------
